AoeStats
← Flörider

Nomad

509736553Analyzed
4v4 RM · 5d ago on Sep 27, 2026· 41m 16s· 8 players
Game mode
Random Map
Map size
231×231
Population
200
Speed
Normal
Resources
Standard
Victory
Conquest
Starting age
Dark Age
Ending age
Imperial Age
RankedLock teamsTeams togetherTeam positionsShared explorationLock speedFull tech treeHidden civsTurbo modeCheats
Victory
Defeat
🇩🇪 Japanese · Germany
1074
+11
🇩🇪 Varangians · Germany
1007
+13
🇧🇪 Vietnamese · Belgium
994
+14
🇩🇪 Persians · Germany
994
+14
🇨🇳 Malay · China
1013
-17
🇹🇼 Saracens · Taiwan
952
-29
🇦🇷 Bohemians · Argentina
912
-11
🇨🇦 Varangians · Canada
904
-11
louisfaye
16:00 Feudal Age
18:17 Wheelbarrow
19:42 Double-Bit Axe
22:18 Castle Age
20:15 Loom
20:16 Town Watch
20:32 Stone Mining
21:51 Bloodlines
21:36 Gold Mining
22:30 Forging
22:29 Scale Barding Armor
23:30 Pikeman
26:24 Husbandry
28:14 Hand Cart
27:55 Fletching
32:22 Squires
37:05 Bodkin Arrow
38:31 Town Patrol
39:09 Scale Mail Armor
Broseidon
9:25 Loom
16:25 Feudal Age
21:20 Castle Age
19:49 Bloodlines
21:06 Double-Bit Axe
22:11 Husbandry
24:31 Stone Mining
27:02 Scale Barding Armor
27:08 Forging
29:54 Iron Casting
30:58 Vendel Legacy
40:56 Imperial Age
苏坊
16:14 Loom
18:37 Feudal Age
18:14 Fishing Lines
22:49 Castle Age
25:23 Gillnets
26:46 Fletching
28:16 Double-Bit Axe
29:17 Medium Warships
29:43 Thalassocracy
31:24 Wheelbarrow
34:42 Imperial Age
33:22 Gold Mining
35:00 Bow Saw
38:35 Heavy Warships
39:07 Hand Cart
SlonceG
12:37 Loom
15:29 Feudal Age
26:40 Castle Age
27:03 Double-Bit Axe
27:04 Horse Collar
26:57 Pikeman
27:38 Squires
30:52 Forging
30:42 Scale Mail Armor
32:21 Iron Casting
32:36 Wheelbarrow
32:19 Fervor
38:38 Chain Mail Armor
38:59 Fortified Wall
39:43 Hand Cart
Oracio
4:32 Loom
14:13 Feudal Age
15:36 Wheelbarrow
14:48 Town Watch
14:58 Double-Bit Axe
15:10 Fishing Lines
15:54 Horse Collar
21:29 Castle Age
19:33 Gold Mining
19:34 Stone Mining
19:57 Arson
20:06 Fletching
20:19 Scale Mail Armor
22:34 Hand Cart
22:22 Squires
22:31 Thumb Ring
23:51 Gillnets
24:48 Bow Saw
27:01 Heavy Plow
27:22 Padded Archer Armor
27:35 Forging
28:49 Stone Shaft Mining
28:24 Bodkin Arrow
29:20 Leather Archer Armor
29:21 Chain Mail Armor
28:39 Crossbowman
31:17 Iron Casting
33:39 Ballistics
33:14 Murder Holes
33:00 Treadmill Crane
41:15 Imperial Age
JRCLD
14:26 Feudal Age
15:40 Double-Bit Axe
16:37 Fishing Lines
18:36 Horse Collar
19:27 Man-at-Arms
26:12 Castle Age
24:38 Arson
27:03 Scale Mail Armor
26:27 Long Swordsman
27:11 Squires
28:11 Wheelbarrow
28:10 Husbandry
29:43 Bow Saw
30:25 Hand Cart
30:36 Gambesons
30:55 Town Watch
33:46 Gillnets
35:03 Bloodlines
38:39 Scale Barding Armor
38:45 Forging
Flörider
5:12 Loom
13:58 Feudal Age
15:01 Double-Bit Axe
20:09 Castle Age
18:29 Bloodlines
19:38 Scale Barding Armor
20:25 Forging
21:36 Bow Saw
23:15 Chain Barding Armor
25:07 Fletching
28:23 Wheelbarrow
29:15 Bodkin Arrow
29:03 Pikeman
36:18 Imperial Age
34:58 Ballistics
37:19 Iron Casting
37:16 Thumb Ring
38:14 Chemistry
39:06 Conscription
39:52 Blast Furnace
38:24 Capped Ram
40:19 Elite Samurai
Turaliyon
3:11 Loom
14:37 Feudal Age
18:01 Castle Age
17:01 Horse Collar
17:07 Double-Bit Axe
19:03 Bow Saw
18:45 Town Watch
19:35 Wheelbarrow
19:02 Fletching
19:24 Forging
19:15 Scale Mail Armor
20:06 Stone Mining
20:11 Pikeman
23:18 Gold Mining
26:13 Stone Shaft Mining
26:20 Iron Casting
26:26 Wheelbarrow
25:48 Murder Holes
27:56 Hand Cart
30:44 Fishing Lines
34:38 Imperial Age
32:35 Ballistics
36:37 Capped Ram
37:21 Husbandry
37:48 Masonry
37:44 Siege Engineers
37:52 Bloodlines
39:11 Town Patrol
40:11 Vendel Legacy
41:13 Conscription
41:03 Scale Barding Armor
41:59 Blast Furnace
41:01 Padded Archer Armor
Connection lost

Rejoining the realm…

Still unreachable

The connection could not be restored.

Session expired

The server has moved on; the page needs a fresh start.